 Dungeon Crawl Stone Soup version 0.26-a0-834-g69557b85cc (webtiles) character file.

Game seed: 4944130608407736137

53 robertstho the Firebug (level 3, -5/19 HPs)
             Began as a Deep Elf Fire Elementalist on Nov 16, 2020.
             Slain by an iguana (7 damage)
             ... on level 2 of the Dungeon.
             The game lasted 00:01:26 (1022 turns).

robertstho the Firebug (Deep Elf Fire Elementalist) Turns: 1022, Time: 00:01:26

Health: -5/19      AC:  3    Str:  5    XL:     3   Next: 64%
Magic:  3/10       EV: 13    Int: 20    God:
Gold:   91         SH:  0    Dex: 15    Spells: 8/9 levels left

rFire    . . .     SeeInvis .   f - +4 short sword (venom)
rCold    . . .     Faith    .   (no shield)
rNeg     . . .     Spirit   .   a - +0 robe
rPois    .         Reflect  .   (no helmet)
rElec    .         Harm     .   (no cloak)
rCorr    .         Rampage  .   (no gloves)
MR       .....                  d - +0 pair of boots
Stlth    ++........             (no amulet)
HPRegen  0.06/turn              (no ring)
MPRegen  0.12/turn              (no ring)

@: no status effects
A: no striking features
a: no special abilities


You were on level 2 of the Dungeon.
You visited 1 branch of the dungeon, and saw 2 of its levels.

You collected 91 gold pieces.

Inventory:

Hand Weapons
 f - a +4 short sword of venom (weapon)
Armour
 a - a +0 robe (worn)
 d - a +0 pair of boots (worn)
Scrolls
 b - a scroll of identify {unknown}
 e - a scroll of blinking {unknown}
 g - a scroll of remove curse {unknown}
 h - a scroll of enchant armour {unknown}
Potions
 c - a potion of magic {unknown}


   Skills:
 + Level 0.6 Short Blades
 + Level 2.8 Dodging
 + Level 3.2 Stealth
 + Level 3.6 Spellcasting
 + Level 1.2 Conjurations
 + Level 4.0 Fire Magic


You had 8 spell levels left.
You knew the following spells:

 Your Spells              Type           Power        Failure   Level
a - Foxfire               Conj/Fire      ##..         4%          1

Your spell library contained the following spells:

 Spells                   Type           Power        Failure   Level
 Conjure Flame            Conj/Fire      ##......     14%         3
 Inner Flame              Hex/Fire       ##......     17%         3
 Sticky Flame             Conj/Fire      ##......     41%         4
 Fireball                 Conj/Fire      ##........   77%         5


Dungeon Overview and Level Annotations

Branches:
Dungeon (2/15)

Altars:


Message History

The iguana is heavily wounded.
The foxfire hits the iguana but does no damage.
The iguana is heavily wounded.
Casting: Foxfire (safe; 4% risk of failure)
Confirm with . or Enter, or press ? or * to list all spells.
You conjure some foxfire!
The iguana barely misses you.
Your foxfire dissipates!
The foxfire hits the iguana but does no damage.
The iguana is heavily wounded.
Casting: Foxfire (safe; 4% risk of failure)
Confirm with . or Enter, or press ? or * to list all spells.
You conjure some foxfire!
The iguana bites you.
* * * LOW HITPOINT WARNING * * *
Your foxfire dissipates!
The foxfire hits the iguana.
The iguana is heavily wounded.
Casting: Foxfire (safe; 4% risk of failure)
Confirm with . or Enter, or press ? or * to list all spells.
You conjure some foxfire!
The iguana bites you!
You die...

#.># .# #.#..# #.# .# #.#..# #.#
.# ###.#..####.## .#
#............###.#
#.#..........##..# ##
#.#..#.......##.#### ..
####.#).#...<...#.....####.#####
.....#).........@l...†..........
#..##...(..vv.....####.#####
##..##................# #
#...##..............#.#
#.#.##..............# #
#.#.#####.#.#.......#
#.#.#####.#.#.......#.
..#.......#.#.........#
..#.........#.......###


You could see an iguana.

Vanquished Creatures
  2 adders (D:2)
  4 dart slugs
  2 leopard geckos
  A giant cockroach (D:2)
  2 goblins
  2 hobgoblins
  2 kobolds (D:1)
  A ball python (D:1)
  5 bats (D:1)
  5 frilled lizards (D:1)
  2 rats (D:1)
28 creatures vanquished.

Vanquished Creatures (others)
  32 foxfires
32 creatures vanquished.

Grand Total: 60 creatures vanquished

Notes
Turn   | Place    | Note
-------+----------+-------------------------------------------
     0 | D:1      | robertstho the Deep Elf Fire Elementalist began the quest
                  | for the Orb.
     0 | D:1      | Reached XP level 1. HP: 10/10 MP: 6/6
   359 | D:1      | Reached XP level 2. HP: 15/15 MP: 6/8
   903 | D:2      | Reached skill level 4 in Fire Magic
   903 | D:2      | Reached XP level 3. HP: 19/19 MP: 9/9
  1022 | D:2      | Slain by an iguana

Illustrated notes

Levels and vault maps discovered:
D:1:      nzn_arrival_depleted_hourglass, layout_basic
D:2:      minmay_general_purpose_star, layout_basic, minmay_close_crescents

Skill      XL: |  1  2  3 |
---------------+----------+-----
Fire Magic     | 4 |  4.0
Stealth        | 3 |  3.2
Short Blades   | |  0.6
Dodging        | |  2.8
Spellcasting   | |  3.6
Conjurations   | |  1.2

Action                   || total
-------------------------++-------
Melee: Hand axe          ||    16
       Short sword       ||    30
 Cast: Foxfire           ||    23
 Stab: Sleeping          ||    11
Armor: Robe              ||    16
Dodge: Dodged            ||    36

Table legend: (Time is in decaauts)
 A = Elapsed time spent in this place.
 B = Non-inter-level travel time spent in this place.
 C = Inter-level travel time spent in this place.
 D = Time resting spent in this place.
 E = Time spent auto-exploring this place.
 F = Levels seen in this place.
 G = Mean time per level.
                   A        B        C        D        E       F      G
               +--------+--------+--------+--------+--------+-----+--------+
         Total |   1028 |   1006 |     22 |      0 |    798 |   2 |  514.0 |
       Dungeon |   1028 |   1006 |     22 |      0 |    798 |   2 |  514.0 |
               +--------+--------+--------+--------+--------+-----+--------+

Top non-repeatable levels by time:
     D:1: 905 daAuts
     D:2: 123 daAuts
